 Dungeon Crawl Stone Soup version 0.17.2 (webtiles) character file.

148 Goblin1989 the Cudgeler (level 5, 0/41 HPs)
             Began as a Demonspawn Fighter on June 23, 2016.
             Slain by a gnoll
             ... wielding a +0 whip
              (2 damage)
             ... on level 3 of the Dungeon.
             The game lasted 00:06:28 (2642 turns).

Goblin1989 the Cudgeler (Demonspawn Fighter)        Turns: 2642, Time: 00:06:28

Health: 0/41       AC:  7    Str: 18    XL:     5   Next: 8%
Magic:  5/5        EV:  7    Int:  9    God:
Gold:   106        SH:  8    Dex: 12    Spells: 0 memorised, 4 levels left

rFire  . . .     SeeInvis .     a - +0 flail
rCold  . . .     Clarity  .     b - +0 scale mail
rNeg   . . .     SustAt   .     c - +0 shield
rPois  .         Gourm    .     (helmet restricted)
rElec  .         Spirit   .     (no cloak)
rCorr  .         Warding  .     (no gloves)
rMut   .         Stasis   .     h - +0 pair of boots
MR     .....                    (no amulet)
Stlth  +.........               (no ring)
                                (no ring)

@: not resistant to hostile enchantments, very unstealthy
A: horns 1, nightstalker 1
a: no special abilities


You were on level 3 of the Dungeon.
You were hungry.

You visited 1 branch of the dungeon, and saw 3 of its levels.

You collected 106 gold pieces.

Inventory:

Hand Weapons
 a - a +0 flail (weapon)
Armour
 b - a +0 scale mail (worn)
 c - a +0 shield (worn)
 h - a +0 pair of boots (worn)
Scrolls
 f - 4 scrolls of identify {unknown}
 i - 2 scrolls of magic mapping {unknown}
 j - a scroll of amnesia {unknown}
 l - a scroll of random uselessness {unknown}
 m - a scroll of fog {unknown}
 o - a scroll of remove curse {unknown}
 p - a scroll of noise {unknown}
 q - 2 scrolls of teleportation {unknown}
 r - a scroll of fear {unknown}
 s - a scroll of recharging {unknown}
Potions
 d - a potion of might
 n - a potion of curing
Comestibles
 e - a bread ration
 g - a meat ration
 k - 4 fruits


   Skills:
 - Level 3.0 Fighting
 - Level 3.9 Maces & Flails
 - Level 2.6 Armour
 - Level 2.6 Shields
 + Level 2.5 Unarmed Combat


You had 4 spell levels left.
You didn't know any spells.

Dungeon Overview and Level Annotations

Branches:
Dungeon (3/15)

Altars:


Innate Abilities, Weirdness & Mutations

You have a pair of small horns on your head.
You are slightly more attuned to the shadows.


Message History

You take 8 damage, and have 13/41 hp.
The gnoll shouts!
You hit the gnoll.
You kill the gnoll!
The gnoll hits you.
* * * LOW HITPOINT WARNING * * *
You take 5 damage, and have 8/41 hp.
You barely miss the gnoll. You block the gnoll's attack.
You block the gnoll's attack.
You barely miss the gnoll. The gnoll barely misses you.
The gnoll hits you but does no damage.
You hit the gnoll but do no damage. You headbutt the gnoll.
You block the gnoll's attack. The gnoll hits you with a whip!
* * * LOW HITPOINT WARNING * * *
You take 7 damage, and have 1/41 hp.
You closely miss the gnoll. You block the gnoll's attack.
The gnoll hits you but does no damage.
You hit the gnoll. The gnoll hits you but does no damage.
The gnoll hits you with a whip.
You die...

#..............[......
#.(...##.......##.....
##.....##.....).)......
#......##).....()#.....
#.#....##g^..##......##
#(#..........###....)..
##.#.....#....# #....#..
#..#..#####..####g..##
#.....g.>##..#.g@)#.....
#.#...##.#####.####.....
###g####b.# ... .####
#.# ##g##.#### # #g#
#........
###g#####....###
.............#
.....<).#....#
.....รท)......##


You could see 2 gnolls.

Vanquished Creatures
  An orc priest (D:3)
  4 adders (D:2)
  2 gnolls (D:3)
  An ooze (D:1)
  2 worms
  2 giant geckos
  4 orcs (D:3)
  A ball python (D:2)
  8 bats
  4 giant cockroaches
  5 goblins
  2 hobgoblins
  4 jackals (D:3)
  2 kobolds
  A quokka (D:2)
  A giant newt (D:1)
  7 rats
51 creatures vanquished.

Notes
Turn   | Place    | Note
--------------------------------------------------------------
     0 | D:1      | Goblin1989 the Demonspawn Fighter began the quest for the Orb.
     0 | D:1      | Reached XP level 1. HP: 18/18 MP: 1/1
   135 | D:1      | Gained mutation: You are slightly more attuned to the shadows. [demonic ancestry]
   135 | D:1      | Reached XP level 2. HP: 17/24 MP: 2/2
   800 | D:2      | Reached XP level 3. HP: 9/29 MP: 3/3
  1798 | D:3      | Gained mutation: You have a pair of small horns on your head. [demonic ancestry]
  1798 | D:3      | Reached XP level 4. HP: 27/35 MP: 4/4
  2240 | D:2      | Reached skill level 1 in Unarmed Combat
  2488 | D:3      | Reached XP level 5. HP: 9/41 MP: 5/5
  2640 | D:3      | HP: 1/41 [gnoll/whip (7)]
  2642 | D:3      | Slain by a gnoll

Action                   |  1- 3 |  4- 6 || total
-------------------------+-------+-------++-------
Melee: Flail             |   146 |    61 ||   207
  Use: Potion            |       |     2 ||     2
  Eat: Chunk             |     3 |     2 ||     5
